 Dungeon Crawl Stone Soup version 0.31-a0-1278-g11c5b68f87 (webtiles) character file.

Game seed: 10189891394795561831

123 Destinykillz the Shield-Bearer (level 4, -1/45 HPs)
             Began as a Troll Fighter on Dec 18, 2023.
             Killed by divine providence
             ... invoked by an orc priest
              (13 damage)
             ... on level 3 of the Dungeon.
             The game lasted 00:04:53 (2431 turns).

Destinykillz the Shield-Bearer (Troll Fighter)      Turns: 2431, Time: 00:04:54

Health: -1/45      AC:  5    Str: 26    XL:     4   Next: 80%
Magic:  3/3        EV:  9    Int:  4    God:
Gold:   65         SH:  8    Dex:  9    Spells: 3/3 levels left

rFire   . .          .
                       - Unarmed
rCold   . . .        b - +0 kite shield
rNeg    . . .        a - +0 robe
rPois   .            (helmet restricted)
rElec   .            j - +0 cloak
rCorr   .            (gloves unavailable)
SInv    .            (boots unavailable)
Will    .....        (no amulet)
Stlth   +            (no ring)
HPRegen 1.07/turn    (no ring)
MPRegen 0.08/turn

%: no passive effects
@: no status effects
A: large, unfitting armour, claws 3, regeneration 1, shaggy fur 1, tough skin 1
a: no special abilities


You were on level 3 of the Dungeon.
You visited 1 branch of the dungeon, and saw 4 of its levels.

You collected 163 gold pieces.
You spent 98 gold pieces at shops.

Inventory:

Hand Weapons
 k - the +0 hammer "Nuruez" {flame, rC+}
   (You found it on level 2 of the Dungeon)

   rC+:       It protects you from cold.
Armour
 a - a +0 robe (worn)
 b - a +0 kite shield (worn)
 j - a +0 cloak (worn)
Scrolls
 h - 2 scrolls of teleportation {unknown}
 i - 2 scrolls of noise {unknown}
 m - a scroll of torment {unknown}
 n - a scroll of vulnerability {unknown}
Potions
 c - 2 potions of might
 d - 2 potions of curing
 e - 2 potions of mutation
 g - a potion of attraction
 l - a potion of haste
 o - a potion of ambrosia {unknown}
 p - a potion of berserk rage


   Skills:
 + Level 3.0 Fighting
 + Level 3.0 Dodging
 * Level 3.7 Shields
 + Level 2.8 Unarmed Combat


You had 3 spell levels left.
You didn't know any spells.
Your spell library contained the following spells:

 Spells                   Type           Power      Damage    Failure   Level
 Apportation              Tloc           0%         N/A       75%         1
 Summon Small Mammal      Summ           0%         N/A       75%         1
 Jinxbite                 Hex            0%         N/A       87%         2
 Wereblood                Tmut           0%         N/A       87%         2
 Call Canine Familiar     Summ           0%         N/A       98%         3
 Ozocubu's Armour         Ice            0%         N/A       98%         3
 Summon Guardian Golem    Hex/Summ       0%         N/A       98%         3
 Alistair's Intoxication  Tmut/Pois      0%         N/A       100%        5
 Irradiate                Conj/Tmut      0%         3d11      100%        5
 Ozocubu's Refrigeration  Ice            0%         4d7       100%        7


Dungeon Overview and Level Annotations

Branches:
Dungeon (4/15)
 Temple: D:4-7

Altars:

Shops:
D:3 *


Innate Abilities, Weirdness & Mutations

You are too large for most types of armour.
You have claws for hands.
Your natural rate of healing is unusually fast.
You are covered in fur. (AC +1)
You have tough skin. (AC +1)


Message History

No monsters, items or features are visible.
There is a stone staircase leading down here.
You climb downwards.
The orc priest shouts!
The orc shouts! x2; The hobgoblin shouts!
There is a stone staircase leading up here.
You block the orc's attack. You block the orc's attack.
You block the orc priest's attack.
You climb upwards.
There is a stone staircase leading down here.
You barely miss the orc priest.
The orc priest hits you with a +0 dagger.
The orc hits you with a +0 morningstar.
You closely miss the orc priest. The orc hits you with a +0 morningstar.
The orc priest barely misses you.
You closely miss the orc priest. You block the orc's attack.
You block the orc priest's attack.
You barely miss the orc priest. You block the orc's attack.
The orc priest hits you with a +0 dagger.
You barely miss the orc priest. The orc hits you with a +0 morningstar!
The orc priest hits you with a +0 dagger.
You are too injured to fight recklessly!
You are too injured to fight recklessly!
You are too injured to fight recklessly!
You closely miss the orc priest.
The orc priest mumbles some strange prayers to Beogh against you.
Beogh smites you!
* * * LOW HITPOINT WARNING * * *
You block the orc's attack.
You scratch the orc priest.
The orc priest is moderately wounded.
The orc closely misses you. You block the orc priest's attack.
You scratch the orc priest.
The orc priest is severely wounded.
The orc priest completely misses you. You block the orc's attack.
You scratch the orc priest.
The orc priest is almost dead.
The orc closely misses you.
The orc priest calls down the wrath of Beogh upon you.
Beogh smites you!
You die...

#####................#.###
##. #
#.###.#.#...)....#.##### ##
#.###.#..#.....###....(# ##.
#........##.#.## #.###.# #.#
#..#######.....# #.#∩#.# ##.
#..#....##.....# #.#...# ##
#..#.PP.#......###.##### ##.
#..#P.P###.............# #.#
#..#..####..@o.####..#.# ##.
#..#### #..o...[.......# ##
#..# ####..#######.## ##.
#.## ####..#######.# #.#
#####.#
#...(.##...##.######.
[.....#
#.##...#.#...........
#####.#
#.#........##..######
#####'#######.#...........)#
...#...#PP.##........[.##.##


You could see an orc priest and an orc.

Vanquished Creatures
  Crazy Yiuf (D:2)
  2 adders (D:2)
  2 worms
  A dart slug (D:3)
  4 orcs (D:3)
  2 ball pythons
  6 bats
  7 endoplasms
  A giant cockroach (D:3)
  6 goblins
  7 hobgoblins
  6 quokkas
  2 frilled lizards
  7 kobolds
  8 rats
62 creatures vanquished.

Notes
Turn   | Place    | Note
-------+----------+-------------------------------------------
     0 | D:1      | Destinykillz the Troll Fighter began the quest for the Orb.
     0 | D:1      | Reached XP level 1. HP: 22/22 MP: 0/0
   104 | D:1      | Reached XP level 2. HP: 29/29 MP: 1/1
   187 | D:1      | Found a faded altar of an unknown god.
   832 | D:2      | Reached XP level 3. HP: 36/36 MP: 2/2
  1292 | D:2      | Found a runed translucent door.
  1293 | D:2      | Noticed Crazy Yiuf
  1402 | D:2      | Reached XP level 4. HP: 43/44 MP: 3/3
  1500 | D:2      | Killed Crazy Yiuf
  1510 | D:2      | Identified the +0 hammer "Nuruez" {flame, rC+}
  1983 | D:3      | Found Udatiroi's General Store.
  1987 | D:3      | Bought a scroll of identify for 28 gold pieces
  1987 | D:3      | Bought a potion of berserk rage for 70 gold pieces
  2431 | D:3      | Killed from afar by an orc priest

Illustrated notes

Levels and vault maps discovered:
D:1:      minmay_arrival_stair_chambers, layout_basic,
          hellmonk_ecumenical_altar_run_dry, minmay_pentomino_w4
D:2:      layout_loops_ring, uniq_crazy_yiuf_cottage
D:3:      layout_loops_ring, serial_aquarium, aquarium_bridge_square
          [aquarium_subvault_bridge, aquarium_subvault_bridge,
          aquarium_subvault_wall, aquarium_subvault_wall], aquarium_window_2,
          aquarium_window_corner, aquarium_window_corridor_3,
          aquarium_window_fake, aquarium_view_2d, aquarium_balcony_1b,
          aquarium_pool_four, serial_shops, nicolae_shop_back_alley_shop,
          grunt_decor_resistance
D:4:      layout_basic, mainiacjoe_overflow_six_doors_small, xom_redecorated,
          pf_guarded_unrand_meek

Skill      XL: |  1  2  3  4 |
---------------+-------------+-----
Shields        | 3 |  3.7
Fighting       | 3 |  3.0
Dodging        | 3 |  3.0
Unarmed Combat | |  2.8

Action                     |  1- 3 |  4- 6 || total
---------------------------+-------+-------++-------
  Melee: Unarmed           |   112 |    58 ||   170
    Use: Scroll            |       |     5 ||     5
   Stab: Sleeping          |     1 |       ||     1
 Armour: Robe              |    60 |    18 ||    78
  Dodge: Dodged            |    32 |    14 ||    46
  Block: Kite shield       |    39 |    25 ||    64

Table legend: (Time is in decaauts)
 A = Elapsed time spent in this place.
 B = Non-inter-level travel time spent in this place.
 C = Inter-level travel time spent in this place.
 D = Time resting spent in this place.
 E = Time spent auto-exploring this place.
 F = Levels seen in this place.
 G = Mean time per level.
                   A        B        C        D        E       F      G
               +--------+--------+--------+--------+--------+-----+--------+
         Total |   2441 |   2326 |    115 |     22 |   1877 |   4 |  610.2 |
       Dungeon |   2441 |   2326 |    115 |     22 |   1877 |   4 |  610.2 |
               +--------+--------+--------+--------+--------+-----+--------+

Top non-repeatable levels by time:
     D:3: 856 daAuts
     D:1: 810 daAuts
     D:2: 771 daAuts
     D:4: 3 daAuts
